 Dungeon Crawl Stone Soup version 0.26.1-11-gd32895ea62 (webtiles) character file.

Game seed: 13972528462363083008

128093 phalm the Fighter (level 17, 0/138 HPs)
             Began as a Gnoll Conjurer on May 13, 2021.
             Was the Champion of Cheibriados.
             Killed from afar by a fenstrider witch (18 damage)
             ... with a toxic sludge
             ... on level 3 of the Swamp on May 14, 2021.
             The game lasted 01:49:20 (40829 turns).

phalm the Fighter (Gnoll Conjurer)                 Turns: 40829, Time: 01:49:21

Health: 0/138      AC: 18    Str: 20    XL:     17   Next: 2%
Magic:  35/42      EV: 26    Int: 46    God:    Cheibriados [******]
Gold:   2540       SH: 19    Dex: 31    Spells: 13/40 levels left

rFire    + + .     SeeInvis .   g - +7 sceptre of Torment {pain, torment}
rCold    + . .     Faith    .   p - +0 kite shield
rNeg     + + .     Spirit   .   e - +4 robe "Icuecep" {rF+ Will- Dex+2}
rPois    +         Reflect  +   J - +2 hat "Xetyng" {Harm rC+ MP+9}
rElec    .         Harm     +   x - +2 cloak {Will+}
rCorr    .         Rampage  .   E - +2 pair of gloves of Narcissism {rN+ Slay+2}
Will     ++...                  b - +1 pair of boots "Zampiy" {rN+ Will+ Str-5 Int+4}
Stlth    +++.......             B - amulet of reflection
HPRegen  0.33/turn              P - ring of poison resistance
MPRegen  0.28/turn              F - ring of protection from fire

@: lethally poisoned (0 -> -1), studying Fighting, very slow
A: distributed training, fangs 1, strong nose
a: Renounce Religion, Bend Time, Temporal Distortion, Slouch, Step From Time


You were on level 3 of the Swamp.
You worshipped Cheibriados.
Cheibriados was exalted by your worship.
You visited 5 branches of the dungeon, and saw 27 of its levels.
You visited 1 bazaar.
You also visited: Ossuary and Ice Cave.

You collected 5167 gold pieces.
You spent 2627 gold pieces at shops.


Innate Abilities, Weirdness & Mutations

Your experience applies equally to all skills.
You have very sharp teeth.
Your uncanny sense of smell can sniff out nearby items.


   Skills:
 + Level 13.9 Fighting
 + Level 11.2 Short Blades
 + Level 11.2 Long Blades
 + Level 11.2 Axes
 + Level 11.2 Maces & Flails
 + Level 11.2 Polearms
 + Level 11.2 Staves
 + Level 11.2 Slings
 + Level 11.2 Bows
 + Level 11.2 Crossbows
 + Level 11.2 Throwing
 + Level 11.2 Armour
 + Level 12.0 Dodging
 + Level 11.9 Stealth
 + Level 11.2 Shields
 + Level 11.2 Unarmed Combat
 + Level 12.1 Spellcasting
 + Level 11.7 Conjurations
 + Level 9.5 Hexes
 + Level 9.5 Summonings
 + Level 9.5 Necromancy
 + Level 9.5 Translocations
 + Level 9.5 Transmutations
 + Level 9.5 Fire Magic
 + Level 9.5 Ice Magic
 + Level 9.5 Air Magic
 + Level 9.5 Earth Magic
 + Level 9.5 Poison Magic
 + Level 12.1 Invocations
 + Level 11.2 Evocations


You had 13 spell levels left.
You knew the following spells:

 Your Spells              Type           Power        Failure   Level
a - Airstrike             Air            43%          1%          4
b - Fireball              Conj/Fire      45%          1%          5
c - Mephitic Cloud        Conj/Pois/Air  89%          1%          3
i - Call Imp              Summ           86%          1%          2
l - Summon Lightning Spi  Summ/Air       86%          1%          4
m - Magic Dart            Conj           100%         0%          1
s - Searing Ray           Conj           100%         1%          2
B - Blink                 Tloc           N/A          1%          2
X - Iskenderun's Mystic   Conj/Tloc      90%          1%          4

Your spell library contained the following spells:

 Spells                   Type           Power        Failure   Level
 Beastly Appendage        Tmut           100%         1%          1
 Corona                   Hex            95%          1%          1
 Shock                    Conj/Air       100%         1%          1
 Ensorcelled Hibernation  Hex/Ice        100%         1%          2
 Slow                     Hex            86%          1%          2
 Swiftness                Air            86%          1%          2
 Wereblood                Tmut           86%          1%          2
 Confusing Touch          Hex            86%          1%          3
 Conjure Flame            Conj/Fire      90%          1%          3
 Dazzling Flash           Conj/Hex       100%         1%          3
 Gell's Gravitas          Tloc           43%          1%          3
 Ignite Poison            Fire/Tmut/Pois 86%          1%          3
 Spider Form              Tmut/Pois      43%          1%          3
 Static Discharge         Conj/Air       90%          1%          3
 Tukima's Dance           Hex            86%          1%          3
 Fulminant Prism          Conj/Hex       45%          1%          4
 Ice Form                 Ice/Tmut       86%          1%          4
 Petrify                  Tmut/Erth      86%          1%          4
 Blade Hands              Tmut           43%          1%          5
 Lightning Bolt           Conj/Air       45%          1%          5
 Metabolic Englaciation   Hex/Ice        43%          1%          5
 Silence                  Hex/Air        43%          1%          5
 Yara's Violent Unravell  Hex/Tmut       43%          1%          5
 Conjure Ball Lightning   Conj/Air       45%          3%          6
 Freezing Cloud           Conj/Ice/Air   44%          3%          6
 Starburst                Conj/Fire      45%          3%          6
 Ozocubu's Refrigeration  Ice            43%          4%          6
 Simulacrum               Ice/Necr       43%          4%          6
 Ignition                 Fire           43%          89%         8
 Tornado                  Air            43%          100%        9

Inventory:

Hand Weapons
 g - the +7 sceptre of Torment (weapon) {pain, torment}
   (You found it on level 2 of the Orcish Mines)

   In the hands of one skilled in necromantic magic, it inflicts extra damage on
   living creatures.
 C - the +7 eveningstar "Muat" {elec, rN++ Dex+4, rare}
   (You acquired it on level 4 of the Lair of Beasts)

   Occasionally, upon striking a foe, it can discharge electrical energy and
   cause terrible harm.
   It affects your dexterity (+4).
   It greatly protects you from negative energy.
Missiles
 h - 3 boomerangs of dispersal {=f!f}
 l - 2 throwing nets {=f!f}
 X - 10 atropa-tipped darts
Armour
 b - the +1 pair of boots "Zampiy" (worn) {rN+ Will+ Str-5 Int+4}
   (You found it on level 2 of the Lair of Beasts)

   It affects your strength (-5).
   It affects your intelligence (+4).
   It protects you from negative energy.
   It affects your willpower, your defense against some magical effects.
 e - the +4 robe "Icuecep" (worn) {rF+ Will- Dex+2}
   (You found it on level 1 of the Lair of Beasts)

   It affects your dexterity (+2).
   It protects you from fire.
   It affects your willpower, your defense against some magical effects.
 p - a +0 kite shield (worn)
   (You found it on level 4 of the Lair of Beasts)
 x - a +2 cloak of willpower (worn)
   (You took it off Crazy Yiuf on level 3 of the Dungeon)
 E - the +2 pair of gloves of Narcissism (worn) {rN+ Slay+2}
   (You acquired it on level 8 of the Dungeon)

   It affects your accuracy and damage with ranged weapons and melee attacks
   (+2).
   It protects you from negative energy.
 J - the +2 hat "Xetyng" (worn) {Harm rC+ MP+9}
   (You found it in an ice cave)

   It protects you from cold.
   It affects your magic capacity (+9).
   It increases damage dealt and taken.
Jewellery
 B - an amulet of reflection (around neck)
   (You bought it in a shop on level 2 of the Orcish Mines)
 F - a ring of protection from fire (right hand)
   (You found it on level 4 of the Lair of Beasts)
 O - a +4 ring of protection
   (You found it on level 2 of the Swamp)
 P - a ring of poison resistance (left hand)
   (You found it on level 3 of the Lair of Beasts)
 Z - an uncursed ring of wizardry
   (You found it on level 2 of the Dungeon)
Wands
 a - a wand of paralysis (12)
   (You found it on level 1 of the Swamp)
 r - a wand of acid (27)
   (You found it on level 4 of the Lair of Beasts)
 v - a wand of iceblast (58)
   (You took it off a wight on level 11 of the Dungeon)
 G - a wand of enslavement (14)
   (You found it on level 8 of the Dungeon)
 I - a wand of flame (32)
   (You found it on level 6 of the Lair of Beasts)
 K - a wand of disintegration (34)
   (You found it on level 8 of the Dungeon)
 U - a wand of polymorph (4)
   (You took it off Joseph on level 10 of the Dungeon)
Scrolls
 k - 2 scrolls of fog
 m - 5 scrolls of fear
 s - a scroll of summoning
 t - 11 scrolls of teleportation {@r4}
 u - 4 scrolls of immolation {!r!r}
 y - 11 scrolls of remove curse {@r2}
 z - 8 scrolls of blinking {!r}
 H - 3 scrolls of magic mapping {!r}
 R - 3 scrolls of identify {@r1}
Potions
 d - 3 potions of might
 f - 12 potions of curing {@q1}
 i - 2 potions of invisibility
 j - 8 potions of lignification {!q}
 o - 3 potions of ambrosia
 q - a potion of resistance
 w - 5 potions of heal wounds {@q2}
 A - 3 potions of cancellation
 D - 2 potions of attraction {!q}
 L - 13 potions of flight
 M - 2 potions of magic
 W - 4 potions of brilliance
Books
 N - a manual of Fighting {!d}
   (You bought it in a shop in a bazaar)
Miscellaneous
 c - a lightning rod (4/4)
   (You found it on level 13 of the Dungeon)
 n - a phantom mirror
   (You found it on level 4 of the Lair of Beasts)
 Q - a condenser vane
   (You found it on level 10 of the Dungeon)
 V - a tin of tremorstones (2/2)
   (You found it on level 10 of the Dungeon)

Dungeon Overview and Level Annotations

Branches:
Dungeon (15/15)            Temple (1/1) D:5            Lair (6/6) D:8
  Swamp (3/4) Lair:2        Snake (0/4) Lair:4        Slime (0/5) Lair:5
    Orc (2/2) D:11            Elf (0/3) Orc:2        Vaults (0/5) D:14
 Depths (0/5) D:15        Ossuary (visited)           IceCv (visited)

Altars:
Ashenzari
Cheibriados
Dithmenos
Elyvilon
Fedhas
Gozag
Hepliaklqana
Kikubaaqudgha
Makhleb
Nemelex Xobeh
Okawaru
Qazlal
Ru
Sif Muna
Trog
Uskayaw
Vehumet
Wu Jian
Xom
Yredelemnul
Zin
The Shining One
Beogh

Shops:
D:8 ? Orc:2

(**}[ ≈.. ≈.≈ ..(.♣♣
..≈ ..≈.≈♣ ..♣ #....
≈.. #...♣♣ ≈≈# #≈.≈≈♣
≈. #≈..♣♣ ..
.≈#####H≈.≈♣ .≈
≈≈≈≈≈H.@..≈♣ ..
.♣♣♣♣♣♣...§♣ ♣.
♣≈...≈≈≈.♣♣ ♣
##.≈≈...≈.♣ ≈#
#≈...≈.≈≈♣ ♣♣≈#
∆∆#..≈...≈.♣ ♣♣♣.♣≈#
#.≈≈....♣♣
♣♣≈.♣♣.#####...≈..≈.♣
.≈≈♣......≈≈.≈≈....♣♣


You could see 2 fenstrider witches.


Message History

The fireball explodes!
The fireball engulfs the bloated husk!!
Cheibriados thoroughly appreciates the change of pace.
The tree smoulders and burns.
The bloated husk explodes!
You hear a shout! 😎 MP[-5]
You lost 5 mp, and now have 36/42 mp.
You enter the shallow water.
Moving in this stuff is going to be slow.
You enter the shallow water.
Moving in this stuff is going to be slow.
R - 3 scrolls of identify {@r1} (gained 1)
You enter the shallow water.
Moving in this stuff is going to be slow.
A swamp drake comes into view. 😎 MP[+6]
Your mp is fully restored (42).
A swamp drake is nearby!
The magic dart hits the swamp drake.
The swamp drake roars! 😎 MP[-1]
You lost 1 mp, and now have 41/42 mp.
Casting: Magic Dart (safe; 0% risk of failure)
Confirm with . or Enter, or press ? or * to list all spells.
Aiming: Airstrike (safe; 1% risk of failure)
Press: ? - help, Dir - move target, f/p - swamp drake
Aim: a swamp drake (lightly wounded)
The air twists around and violently strikes the swamp drake!!
You kill the swamp drake!
Cheibriados appreciates the change of pace. 😎 MP[-4]
You lost 4 mp, and now have 37/42 mp.
You enter the shallow water.
Moving in this stuff is going to be slow.
You enter the shallow water.
Moving in this stuff is going to be slow.
A fenstrider witch comes into view. x3
The fenstrider witch moves out of view.
You see here a swamp drake corpse. 😎 MP[+5]
Your mp is fully restored (42).
Casting: Airstrike (safe; 1% risk of failure)
Confirm with . or Enter, or press ? or * to list all spells.
You can't see any susceptible monsters within range! (Use Z to cast anyway.)
The magic dart hits the fenstrider witch.
The fenstrider witch shouts! x2
The fenstrider witch gestures at you while chanting.
You easily resist. 😎 MP[-1]
You lost 1 mp, and now have 41/42 mp.
Casting: Magic Dart (safe; 0% risk of failure)
Confirm with . or Enter, or press ? or * to list all spells.
Aiming: Searing Ray (safe; 1% risk of failure)
Press: ? - help, Shift-Dir - straight line, f/p - fenstrider witch
Aim: a fenstrider witch, wearing a +0 robe (lightly wounded, 28% to evade)
The searing ray hits the fenstrider witch! (Press . to maintain the ray.) 😎 MP[-2]
You lost 2 mp, and now have 39/42 mp.
The searing ray hits the fenstrider witch. 😎 MP[-1]
You lost 1 mp, and now have 38/42 mp.
The searing ray hits the fenstrider witch!
The searing ray misses the fenstrider witch.
The fenstrider witch points at you and mumbles some strange words.
You suddenly lose the ability to move!
The fenstrider witch hits you but does no damage.
The fenstrider witch kicks you!! The fenstrider witch hits you!
The fenstrider witch kicks you! The fenstrider witch hits you!!
* * * LOW HITPOINT WARNING * * *
The fenstrider witch kicks you!
* * * LOW HITPOINT WARNING * * *
The fenstrider witch hits you but does no damage.
The fenstrider witch kicks you but does no damage.
The fenstrider witch gestures at you while chanting.
Your body is wracked with pain!
* * * LOW HITPOINT WARNING * * *
The fenstrider witch hits you.
* * * LOW HITPOINT WARNING * * *
The fenstrider witch kicks you!
* * * LOW HITPOINT WARNING * * *
The fenstrider witch gestures at you while chanting.
You resist with significant effort.
You can move again. 😱 HP[-120] MP[+1]
You take 120 damage, and now have 18/138 hp.
MASSIVE DAMAGE!! (PAUSE)
Casting: Searing Ray (safe; 1% risk of failure)
Confirm with . or Enter, or press ? or * to list all spells.
You erupt in a blast of force!
The mystic blast hits the fenstrider witch!!
The fenstrider witch is knocked back by the mystic blast.
The mystic blast hits the fenstrider witch!
You hear a shout!
The fenstrider witch points at you and mumbles some strange words.
The toxic sludge hits you!
You are poisoned.
You partially resist.
You die...

Skill      XL: |  1  2  3  4  5  6  7  8  9 10 11 12 13 14 15 16 |
---------------+-------------------------------------------------+-----
Spellcasting   | 5 6 7 8 9 10 11 12 | 12.1
Invocations    | 1 2 3 4 5 6 7 8 9 10 11 12 | 12.1
Fighting       | 1 2 3 4 5 6 8 10 11 12 13 | 13.9
Short Blades   | 1 2 3 4 5 6 7 8 9 10 11 | 11.2
Long Blades    | 1 2 3 4 5 6 7 8 9 10 11 | 11.2
Axes           | 1 2 3 4 5 6 7 8 9 10 11 | 11.2
Maces & Flails | 1 2 3 4 5 6 7 8 9 10 11 | 11.2
Polearms       | 1 2 3 4 5 6 7 8 9 10 11 | 11.2
Staves         | 1 2 3 4 5 6 7 8 9 10 11 | 11.2
Slings         | 1 2 3 4 5 6 7 8 9 10 11 | 11.2
Bows           | 1 2 3 4 5 6 7 8 9 10 11 | 11.2
Crossbows      | 1 2 3 4 5 6 7 8 9 10 11 | 11.2
Throwing       | 1 2 3 4 5 6 7 8 9 10 11 | 11.2
Armour         | 1 2 3 4 5 6 7 8 9 10 11 | 11.2
Shields        | 1 2 3 4 5 6 7 8 9 10 11 | 11.2
Unarmed Combat | 1 2 3 4 5 6 7 8 9 10 11 | 11.2
Evocations     | 1 2 3 4 5 6 7 8 9 10 11 | 11.2
Hexes          | 1 2 3 4 5 6 7 8 9 |  9.5
Summonings     | 1 2 3 4 5 6 7 8 9 |  9.5
Necromancy     | 1 2 3 4 5 6 7 8 9 |  9.5
Translocations | 1 2 3 4 5 6 7 8 9 |  9.5
Transmutations | 1 2 3 4 5 6 7 8 9 |  9.5
Fire Magic     | 1 2 3 4 5 6 7 8 9 |  9.5
Ice Magic      | 1 2 3 4 5 6 7 8 9 |  9.5
Air Magic      | 1 2 3 4 5 6 7 8 9 |  9.5
Earth Magic    | 1 2 3 4 5 6 7 8 9 |  9.5
Poison Magic   | 1 2 3 4 5 6 7 8 9 |  9.5
Dodging        | 5 6 7 8 9 10 11 12 | 12.0
Stealth        | 5 6 7 8 9 10 11 | 11.9
Conjurations   | 8 9 10 11 | 11.7

Action                   |  1- 3 |  4- 6 |  7- 9 | 10-12 | 13-15 | 16-18 || total
-------------------------+-------+-------+-------+-------+-------+-------++-------
Melee: Quarterstaff      |       |     4 |    19 |       |       |       ||    23
       Hand axe          |       |       |    46 |       |       |       ||    46
       Bite              |       |       |     7 |    10 |    26 |    25 ||    68
       Spear             |       |       |    22 |   174 |    67 |       ||   263
       Punch             |       |       |     1 |     2 |     1 |       ||     4
       Eveningstar       |       |       |       |       |   170 |   129 ||   299
Throw: Dart              |       |       |       |     4 |     6 |     2 ||    12
 Cast: Magic Dart        |    53 |    35 |   260 |   286 |   567 |   201 ||  1402
       Searing Ray       |     2 |     8 |    32 |    92 |   234 |    29 ||   397
       Iskenderun's Myst |       |       |     3 |    32 |    29 |     8 ||    72
       Call Imp          |       |       |       |    27 |     7 |       ||    34
       Summon Lightning  |       |       |       |       |    22 |     1 ||    23
       Fulminant Prism   |       |       |       |       |     6 |       ||     6
       Fireball          |       |       |       |       |    26 |    41 ||    67
       Airstrike         |       |       |       |       |    15 |     1 ||    16
Invok: Slouch            |       |       |       |       |     1 |       ||     1
Evoke: Wand              |       |       |     2 |    24 |    15 |       ||    41
       Tin of tremorston |       |       |       |     1 |     2 |       ||     3
       Condenser vane    |       |       |       |       |     1 |       ||     1
       Lightning rod     |       |       |       |       |     1 |       ||     1
  Use: Scroll            |       |     6 |     7 |    14 |    14 |     2 ||    43
       Potion            |       |       |       |       |     3 |       ||     3
 Stab: Sleeping          |       |       |       |     2 |     1 |     2 ||     5
       Distracted        |       |       |       |       |     2 |       ||     2
       Invisible         |       |       |       |       |     1 |       ||     1
Armor: Robe              |     1 |     1 |    19 |     6 |    76 |    12 ||   115
       Leather armour    |       |       |       |    69 |     1 |       ||    70
       Ring mail         |       |       |       |       |    36 |       ||    36
Dodge: Dodged            |     6 |    17 |    86 |   341 |   423 |    65 ||   938
Block: Buckler           |       |       |       |       |    41 |       ||    41
       Kite shield       |       |       |       |       |   260 |   116 ||   376
       Reflection        |       |       |       |       |    15 |    16 ||    31

Levels and vault maps discovered:
D:1:      roderic_crop_circles_arrival_small, layout_rooms, chequers_avenue,
          minmay_heptomino_l4
D:2:      layout_basic, minmay_crystal_water
D:3:      layout_loops_cross, grunt_qazlal_sundering, general_overflow_altar,
          gammafunk_temple_overflow_statue, ebering_ghost_sewer_d,
          roderic_serpentine_path, minivault_24, uniq_crazy_yiuf_cottage
D:4:      layout_basic, enter_ossuary_4
D:5:      layout_basic, minmay_temple_entry_hall, bh_walls_and_bars
D:6:      kennysheep_spiral_hall, layout_basic, ashenzari_conservatory_becter,
          nicolae_overflow_hidden_temple, small_statue_intersection
D:7:      layout_loops_corners, overflow_temple_1_default, marbit_many_paths,
          serial_glass, glass_columns_b, glass_columns_a, uniq_duvessa
D:8:      layout_gridville, dpeg_lair_monsters, serial_shops, shop,
          david_defended_altar_orc
D:9:      layout_loops_ring
D:10:     layout_gridville, nemelex_xobeh_ov_fountains_minmay, uniq_maurice,
          uniq_joseph, uniq_psyche
D:11:     layout_gridville, erik_orc_1
D:12:     layout_big_octagon, serial_shops, bzr_entry_dummy,
          nicolae_ru_awakened_eye, uniq_fannar
D:13:     layout_irregular_city, kb_rosetta
D:14:     layout_loops_ring, grunt_vaults_entry_fortified, glass_columns_a
D:15:     grunt_enter_depths_magical_seal, layout_irregular_city, minivault_14,
          minivault_10
Temple:   eino_temple_lava
Lair:1:   layout_cave_pods, basic_altar, beast_lair_carwin_3,
          serial_bayou_shore_a, infiniplex_staircase_pool_2
Lair:2:   layout_regular_city, skrybe_swamp_entry_bodies, serial_bayou_lake_a
Lair:3:   layout_chaotic_city, cheibrodos_lair_lostbears,
          infiniplex_staircase_pool, grunt_megastairs_5
Lair:4:   layout_long_grid, minmay_snake_entry_guardpost_large,
          portal_ice_cave_demonic_guard
Lair:5:   layout_regular_city, minmay_slime_entry_pillars, grunt_megastairs_4
Lair:6:   hangedman_lair_caniforms_friends, layout_regular_city,
          guppyfry_lair_end_dragon, grunt_megastairs_2
Swamp:1:  layout_basic_swamp, serial_swamp_ruin, evilmike_swamp_ruin_rubble_1,
          hangedman_swamp_ruin_hall
Swamp:2:  layout_basic_swamp, nicolae_swamp_dense_foliage
Swamp:3:  layout_falls_marsh, evilmike_swamp_ruin_house_5, swamp_pool2,
          nzn_swamp_weyward_sisters
Orc:1:    layout_caves
Orc:2:    st_orc_rangers, layout_caves, gammafunk_ghost_fury_of_okawaru,
          serial_shops, nicolae_shop_window_shopping, nicolae_orc_stony_grotto,
          roderic_batcave

Notes
Turn   | Place    | Note
-------+----------+-------------------------------------------
     0 | D:1      | phalm the Gnoll Conjurer began the quest for the Orb.
     0 | D:1      | Reached XP level 1. HP: 13/13 MP: 6/6
     0 | D:1      | magus.rc [v1.9.10]
   147 | D:1      | Reached XP level 2. HP: 19/19 MP: 4/7
   150 | D:1      | Learned a level 2 spell: Searing Ray
   615 | D:1      | Reached XP level 3. HP: 25/25 MP: 6/9
  1040 | D:2      | Reached skill level 5 in Spellcasting
  1104 | D:2      | Reached skill level 1 in Invocations
  1411 | D:3      | Reached skill level 1 in Fighting
  1411 | D:3      | Reached skill level 1 in Short Blades
  1411 | D:3      | Reached skill level 1 in Long Blades
  1411 | D:3      | Reached skill level 1 in Axes
  1411 | D:3      | Reached skill level 1 in Maces & Flails
  1411 | D:3      | Reached skill level 1 in Polearms
  1411 | D:3      | Reached skill level 1 in Staves
  1411 | D:3      | Reached skill level 1 in Slings
  1411 | D:3      | Reached skill level 1 in Bows
  1411 | D:3      | Reached skill level 1 in Crossbows
  1411 | D:3      | Reached skill level 1 in Throwing
  1411 | D:3      | Reached skill level 1 in Armour
  1411 | D:3      | Reached skill level 1 in Shields
  1411 | D:3      | Reached skill level 1 in Unarmed Combat
  1411 | D:3      | Reached skill level 1 in Evocations
  1472 | D:3      | Found a stormy altar of Qazlal.
  1593 | D:3      | Reached XP level 4. HP: 32/32 MP: 8/11
  1638 | D:3      | Found a runed translucent door.
  1638 | D:3      | Noticed a bullfrog
  1653 | D:3      | Noticed TheGreatAnchovy's ghost (amateur OpFi)
  1773 | D:3      | Reached skill level 1 in Hexes
  1773 | D:3      | Reached skill level 1 in Summonings
  1773 | D:3      | Reached skill level 1 in Necromancy
  1773 | D:3      | Reached skill level 1 in Translocations
  1773 | D:3      | Reached skill level 1 in Transmutations
  1773 | D:3      | Reached skill level 1 in Fire Magic
  1773 | D:3      | Reached skill level 1 in Ice Magic
  1773 | D:3      | Reached skill level 1 in Air Magic
  1773 | D:3      | Reached skill level 1 in Earth Magic
  1773 | D:3      | Reached skill level 1 in Poison Magic
  2225 | D:3      | Reached XP level 5. HP: 13/37 MP: 4/12
  2530 | D:3      | Found a glowing golden altar of the Shining One.
  2560 | D:3      | Found a bloodstained altar of Trog.
  2560 | D:3      | Found an ornate altar of the Wu Jian Council.
  2765 | D:3      | Found a runed translucent door.
  2766 | D:3      | Noticed Crazy Yiuf
  2867 | D:3      | Killed Crazy Yiuf
  2927 | D:3      | Reached skill level 2 in Invocations
  2927 | D:3      | Reached XP level 6. HP: 36/44 MP: 9/14
  2928 | D:3      | Killed TheGreatAnchovy's ghost
  2929 | D:3      | Reached skill level 2 in Fighting
  2929 | D:3      | Reached skill level 2 in Short Blades
  2929 | D:3      | Reached skill level 2 in Long Blades
  2929 | D:3      | Reached skill level 2 in Axes
  2929 | D:3      | Reached skill level 2 in Maces & Flails
  2929 | D:3      | Reached skill level 2 in Polearms
  2929 | D:3      | Reached skill level 2 in Staves
  2929 | D:3      | Reached skill level 2 in Slings
  2929 | D:3      | Reached skill level 2 in Bows
  2929 | D:3      | Reached skill level 2 in Crossbows
  2929 | D:3      | Reached skill level 2 in Throwing
  2929 | D:3      | Reached skill level 2 in Armour
  2929 | D:3      | Reached skill level 5 in Dodging
  2929 | D:3      | Reached skill level 2 in Shields
  2929 | D:3      | Reached skill level 2 in Unarmed Combat
  2929 | D:3      | Reached skill level 2 in Evocations
  3103 | D:4      | Found a sand-covered staircase.
  3123 | Ossuary  | Entered an ossuary
  3144 | Ossuary  | Reached XP level 7. HP: 45/50 MP: 6/15
  3383 | Ossuary  | Reached skill level 2 in Hexes
  3383 | Ossuary  | Reached skill level 2 in Summonings
  3383 | Ossuary  | Reached skill level 2 in Necromancy
  3383 | Ossuary  | Reached skill level 2 in Translocations
  3383 | Ossuary  | Reached skill level 2 in Transmutations
  3383 | Ossuary  | Reached skill level 2 in Fire Magic
  3383 | Ossuary  | Reached skill level 2 in Ice Magic
  3383 | Ossuary  | Reached skill level 2 in Air Magic
  3383 | Ossuary  | Reached skill level 2 in Earth Magic
  3383 | Ossuary  | Reached skill level 2 in Poison Magic
  3459 | Ossuary  | Reached skill level 5 in Stealth
  3540 | Ossuary  | Reached skill level 3 in Invocations
  3632 | Ossuary  | Reached XP level 8. HP: 27/57 MP: 2/16
  3812 | Ossuary  | Reached skill level 3 in Fighting
  3812 | Ossuary  | Reached skill level 3 in Short Blades
  3812 | Ossuary  | Reached skill level 3 in Long Blades
  3812 | Ossuary  | Reached skill level 3 in Axes
  3812 | Ossuary  | Reached skill level 3 in Maces & Flails
  3812 | Ossuary  | Reached skill level 3 in Polearms
  3812 | Ossuary  | Reached skill level 3 in Staves
  3812 | Ossuary  | Reached skill level 3 in Slings
  3812 | Ossuary  | Reached skill level 3 in Bows
  3812 | Ossuary  | Reached skill level 3 in Crossbows
  3812 | Ossuary  | Reached skill level 3 in Throwing
  3812 | Ossuary  | Reached skill level 3 in Armour
  3812 | Ossuary  | Reached skill level 3 in Shields
  3812 | Ossuary  | Reached skill level 3 in Unarmed Combat
  3812 | Ossuary  | Reached skill level 3 in Evocations
  4356 | D:4      | Learned a level 4 spell: Iskenderun's Mystic Blast
  5689 | D:5      | Entered Level 5 of the Dungeon
  5698 | D:5      | Reached skill level 6 in Spellcasting
  5847 | D:5      | Found a staircase to the Ecumenical Temple.
  5854 | Temple   | Entered the Ecumenical Temple
  6631 | D:5      | Reached skill level 3 in Hexes
  6631 | D:5      | Reached skill level 3 in Summonings
  6631 | D:5      | Reached skill level 3 in Necromancy
  6631 | D:5      | Reached skill level 3 in Translocations
  6631 | D:5      | Reached skill level 3 in Transmutations
  6631 | D:5      | Reached skill level 3 in Fire Magic
  6631 | D:5      | Reached skill level 3 in Ice Magic
  6631 | D:5      | Reached skill level 3 in Air Magic
  6631 | D:5      | Reached skill level 3 in Earth Magic
  6631 | D:5      | Reached skill level 3 in Poison Magic
  6631 | D:5      | Reached skill level 4 in Invocations
  6949 | D:5      | Got an ivory spear
  7043 | D:5      | Reached skill level 6 in Dodging
  7043 | D:5      | Reached XP level 9. HP: 65/65 MP: 3/18
  7171 | D:5      | Identified the +6 spear of a treasure trove {freeze, rC+}
                  | (You found it on level 5 of the Dungeon)
  7672 | D:6      | HP: 11/65 [orc priest/divine providence (15)]
  7674 | D:6      | HP: 1/65 [orc warrior/+0 hand axe (10)]
  7683 | D:5      | Reached skill level 4 in Fighting
  7683 | D:5      | Reached skill level 4 in Short Blades
  7683 | D:5      | Reached skill level 4 in Long Blades
  7683 | D:5      | Reached skill level 4 in Axes
  7683 | D:5      | Reached skill level 4 in Maces & Flails
  7683 | D:5      | Reached skill level 4 in Polearms
  7683 | D:5      | Reached skill level 4 in Staves
  7683 | D:5      | Reached skill level 4 in Slings
  7683 | D:5      | Reached skill level 4 in Bows
  7683 | D:5      | Reached skill level 4 in Crossbows
  7683 | D:5      | Reached skill level 4 in Throwing
  7683 | D:5      | Reached skill level 4 in Armour
  7683 | D:5      | Reached skill level 4 in Shields
  7683 | D:5      | Reached skill level 4 in Unarmed Combat
  7683 | D:5      | Reached skill level 4 in Evocations
  8703 | D:6      | Reached skill level 6 in Stealth
  8703 | D:6      | Reached skill level 8 in Conjurations
  8799 | D:6      | Found a broken altar of Ashenzari.
  9932 | D:7      | You pick up a book of Maledictions and begin reading...
  9932 | D:7      | You add the spells Corona, Ensorcelled Hibernation,
                  | Confusing Touch and Tukima's Dance to your library.
 10027 | D:7      | Found a basalt altar of Yredelemnul.
 10068 | D:7      | Noticed Duvessa
 10068 | D:7      | Noticed Dowan
 10074 | D:7      | Killed Duvessa
 10077 | D:7      | Killed Dowan
 10233 | D:7      | Noticed a manticore
 10239 | D:7      | Killed a manticore
 10240 | D:7      | Reached skill level 5 in Invocations
 10492 | D:7      | Learned a level 4 spell: Fulminant Prism
 10666 | D:7      | Found a shadowy altar of Dithmenos.
 10953 | D:8      | Found a roughly hewn altar of Beogh.
 10960 | D:8      | Reached skill level 7 in Spellcasting
 11050 | D:8      | Reached XP level 10. HP: 49/73 MP: 15/20
 11165 | D:8      | Noticed a death yak
 11170 | D:8      | Noticed a death yak
 11172 | D:8      | Noticed a death yak
 11173 | D:8      | Reached skill level 4 in Hexes
 11173 | D:8      | Reached skill level 4 in Summonings
 11173 | D:8      | Reached skill level 4 in Necromancy
 11173 | D:8      | Reached skill level 4 in Translocations
 11173 | D:8      | Reached skill level 4 in Transmutations
 11173 | D:8      | Reached skill level 4 in Fire Magic
 11173 | D:8      | Reached skill level 4 in Ice Magic
 11173 | D:8      | Reached skill level 4 in Air Magic
 11173 | D:8      | Reached skill level 4 in Earth Magic
 11173 | D:8      | Reached skill level 4 in Poison Magic
 11253 | D:8      | Found Vogoweam's Magic Scroll Boutique.
 11417 | D:8      | Bought a scroll of identify for 24 gold pieces
 11629 | D:8      | Reached skill level 5 in Fighting
 11629 | D:8      | Reached skill level 5 in Short Blades
 11629 | D:8      | Reached skill level 5 in Long Blades
 11629 | D:8      | Reached skill level 5 in Axes
 11629 | D:8      | Reached skill level 5 in Maces & Flails
 11629 | D:8      | Reached skill level 5 in Polearms
 11629 | D:8      | Reached skill level 5 in Staves
 11629 | D:8      | Reached skill level 5 in Slings
 11629 | D:8      | Reached skill level 5 in Bows
 11629 | D:8      | Reached skill level 5 in Crossbows
 11629 | D:8      | Reached skill level 5 in Throwing
 11629 | D:8      | Reached skill level 5 in Armour
 11629 | D:8      | Reached skill level 5 in Shields
 11629 | D:8      | Reached skill level 5 in Unarmed Combat
 11629 | D:8      | Reached skill level 5 in Evocations
 11846 | D:8      | Found a staircase to the Lair.
 12311 | D:9      | Noticed a two-headed ogre
 12318 | D:9      | Killed a two-headed ogre
 12319 | D:9      | Reached skill level 7 in Dodging
 13067 | D:9      | Reached skill level 6 in Invocations
 13080 | D:9      | Reached skill level 7 in Stealth
 13186 | D:9      | You pick up a book of Misfortune and begin reading...
 13186 | D:9      | You add the spells Gell's Gravitas, Petrify, Metabolic
                  | Englaciation and Yara's Violent Unravelling to your
                  | library.
 13477 | D:10     | Entered Level 10 of the Dungeon
 13740 | D:10     | Found a sparkling altar of Nemelex Xobeh.
 13978 | D:10     | Noticed Joseph
 13990 | D:10     | Killed Joseph
 14087 | D:10     | Reached XP level 11. HP: 81/81 MP: 17/22
 14088 | D:10     | Noticed Psyche
 14102 | D:10     | Killed Psyche
 14247 | D:10     | Reached skill level 6 in Fighting
 14247 | D:10     | Reached skill level 6 in Short Blades
 14247 | D:10     | Reached skill level 6 in Long Blades
 14247 | D:10     | Reached skill level 6 in Axes
 14247 | D:10     | Reached skill level 6 in Maces & Flails
 14247 | D:10     | Reached skill level 6 in Polearms
 14247 | D:10     | Reached skill level 6 in Staves
 14247 | D:10     | Reached skill level 6 in Slings
 14247 | D:10     | Reached skill level 6 in Bows
 14247 | D:10     | Reached skill level 6 in Crossbows
 14247 | D:10     | Reached skill level 6 in Throwing
 14247 | D:10     | Reached skill level 6 in Armour
 14247 | D:10     | Reached skill level 6 in Shields
 14247 | D:10     | Reached skill level 6 in Unarmed Combat
 14247 | D:10     | Reached skill level 6 in Evocations
 14249 | D:10     | Reached skill level 5 in Hexes
 14249 | D:10     | Reached skill level 5 in Summonings
 14249 | D:10     | Reached skill level 5 in Necromancy
 14249 | D:10     | Reached skill level 5 in Translocations
 14249 | D:10     | Reached skill level 5 in Transmutations
 14249 | D:10     | Reached skill level 5 in Fire Magic
 14249 | D:10     | Reached skill level 5 in Ice Magic
 14249 | D:10     | Reached skill level 5 in Air Magic
 14249 | D:10     | Reached skill level 5 in Earth Magic
 14249 | D:10     | Reached skill level 5 in Poison Magic
 14496 | D:10     | Noticed Maurice
 14503 | D:10     | Killed Maurice
 14606 | D:10     | Reached skill level 8 in Spellcasting
 15127 | D:11     | You pick up a book of Minor Magic and begin reading...
 15127 | D:11     | You add the spells Blink, Call Imp, Slow, Conjure Flame and
                  | Mephitic Cloud to your library.
 15131 | D:11     | Learned a level 2 spell: Blink
 15135 | D:11     | Learned a level 3 spell: Mephitic Cloud
 15138 | D:11     | Learned a level 2 spell: Call Imp
 15602 | D:11     | Noticed a purple ugly thing
 15615 | D:11     | Killed a purple ugly thing
 15943 | D:11     | Noticed a cyclops
 15955 | D:11     | Killed a cyclops
 16184 | D:11     | Noticed a white ugly thing
 16191 | D:11     | Reached skill level 9 in Conjurations
 16191 | D:11     | Reached skill level 7 in Invocations
 16195 | D:11     | Killed a white ugly thing
 16196 | D:11     | Reached skill level 8 in Dodging
 16785 | D:11     | Found a staircase to the Orcish Mines.
 16983 | D:12     | Identified a scroll of acquirement
 16983 | D:12     | Acquired 765 gold pieces
 17005 | D:12     | Found a sacrificial altar of Ru.
 17029 | D:12     | Reached skill level 8 in Stealth
 17114 | D:12     | Noticed Fannar
 17292 | D:12     | Found a flickering gateway to a bazaar.
 17301 | Bazaar   | Entered a bazaar
 17301 | Bazaar   | Found Jiskeck's Gadget Boutique.
 17301 | Bazaar   | Found Weaxyita's General Store.
 17386 | Bazaar   | Found Dogeatta's Book Shop.
 17435 | Bazaar   | Found Onwosib's Jewellery Boutique.
 17492 | Bazaar   | Bought a manual of Fighting for 1214 gold pieces
 17545 | D:12     | Reached XP level 12. HP: 77/89 MP: 13/24
 17632 | D:12     | Reached skill level 7 in Fighting
 17720 | D:12     | Killed Fannar
 17721 | D:12     | Reached skill level 7 in Short Blades
 17721 | D:12     | Reached skill level 7 in Long Blades
 17721 | D:12     | Reached skill level 7 in Axes
 17721 | D:12     | Reached skill level 7 in Maces & Flails
 17721 | D:12     | Reached skill level 7 in Polearms
 17721 | D:12     | Reached skill level 7 in Staves
 17721 | D:12     | Reached skill level 7 in Slings
 17721 | D:12     | Reached skill level 7 in Bows
 17721 | D:12     | Reached skill level 7 in Crossbows
 17721 | D:12     | Reached skill level 7 in Throwing
 17721 | D:12     | Reached skill level 7 in Armour
 17721 | D:12     | Reached skill level 7 in Shields
 17721 | D:12     | Reached skill level 7 in Unarmed Combat
 17721 | D:12     | Reached skill level 7 in Evocations
 18541 | D:13     | Reached skill level 6 in Hexes
 18541 | D:13     | Reached skill level 6 in Summonings
 18541 | D:13     | Reached skill level 6 in Necromancy
 18541 | D:13     | Reached skill level 6 in Translocations
 18541 | D:13     | Reached skill level 6 in Transmutations
 18541 | D:13     | Reached skill level 6 in Fire Magic
 18541 | D:13     | Reached skill level 6 in Ice Magic
 18541 | D:13     | Reached skill level 6 in Air Magic
 18541 | D:13     | Reached skill level 6 in Earth Magic
 18541 | D:13     | Reached skill level 6 in Poison Magic
 18657 | D:13     | Noticed an eight-headed hydra
 18665 | D:13     | Killed an eight-headed hydra
 18666 | D:13     | Reached skill level 9 in Spellcasting
 18666 | D:13     | Reached skill level 8 in Invocations
 18802 | D:13     | Reached skill level 8 in Fighting
 18867 | D:13     | Noticed a death knight
 18938 | D:13     | Killed a death knight
 18959 | D:13     | Reached skill level 9 in Dodging
 18960 | D:13     | HP: 14/94 [phantasmal warrior[a death knight] (21)]
 19410 | D:8      | Killed a death yak
 19411 | D:8      | Killed a death yak
 19412 | D:8      | Reached XP level 13. HP: 82/99 MP: 6/26
 19415 | D:8      | Reached skill level 9 in Stealth
 19558 | Lair:1   | Entered Level 1 of the Lair of Beasts
 19681 | Lair:1   | Found a glowing silver altar of Zin.
 19686 | Lair:1   | Got an ominously black robe
 19797 | Lair:1   | Identified the +4 robe "Icuecep" {rF+ Will- Dex+2} (You
                  | found it on level 1 of the Lair of Beasts)
 20006 | Lair:1   | Reached skill level 9 in Fighting
 20006 | Lair:1   | Reached skill level 8 in Short Blades
 20006 | Lair:1   | Reached skill level 8 in Long Blades
 20006 | Lair:1   | Reached skill level 8 in Axes
 20006 | Lair:1   | Reached skill level 8 in Maces & Flails
 20006 | Lair:1   | Reached skill level 8 in Polearms
 20006 | Lair:1   | Reached skill level 8 in Staves
 20006 | Lair:1   | Reached skill level 8 in Slings
 20006 | Lair:1   | Reached skill level 8 in Bows
 20006 | Lair:1   | Reached skill level 8 in Crossbows
 20006 | Lair:1   | Reached skill level 8 in Throwing
 20006 | Lair:1   | Reached skill level 8 in Armour
 20006 | Lair:1   | Reached skill level 8 in Shields
 20006 | Lair:1   | Reached skill level 8 in Unarmed Combat
 20006 | Lair:1   | Reached skill level 8 in Evocations
 20472 | Lair:1   | You pick up a book of the Sky and begin reading...
 20472 | Lair:1   | You add the spells Summon Lightning Spire, Silence, Conjure
                  | Ball Lightning and Tornado to your library.
 20478 | Lair:1   | Learned a level 4 spell: Summon Lightning Spire
 20897 | Orc:1    | Entered Level 1 of the Orcish Mines
 21217 | Orc:1    | Paralysed by an orc sorcerer for 6 turns
 21316 | Orc:1    | Noticed a stone giant
 21328 | Orc:1    | HP: 15/101 [stone giant (30)]
 21331 | Orc:1    | Killed a stone giant
 21659 | Orc:2    | Entered Level 2 of the Orcish Mines
 21706 | Orc:2    | Found a staircase to the Elven Halls.
 21713 | Orc:2    | Reached skill level 9 in Invocations
 22509 | Lair:2   | Got a pair of faintly glowing boots
 22520 | Lair:2   | Identified the +1 pair of boots "Zampiy" {rN+ Will+ Str-5
                  | Int+4} (You found it on level 2 of the Lair of Beasts)
 22575 | Lair:2   | Reached skill level 10 in Conjurations
 22613 | Lair:2   | Found a staircase to the Swamp.
 22712 | Lair:2   | Reached skill level 7 in Hexes
 22712 | Lair:2   | Reached skill level 7 in Summonings
 22712 | Lair:2   | Reached skill level 7 in Necromancy
 22712 | Lair:2   | Reached skill level 7 in Translocations
 22712 | Lair:2   | Reached skill level 7 in Transmutations
 22712 | Lair:2   | Reached skill level 7 in Fire Magic
 22712 | Lair:2   | Reached skill level 7 in Ice Magic
 22712 | Lair:2   | Reached skill level 7 in Air Magic
 22712 | Lair:2   | Reached skill level 7 in Earth Magic
 22712 | Lair:2   | Reached skill level 7 in Poison Magic
 23519 | D:6      | Found a snail-covered altar of Cheibriados.
 23527 | D:6      | Became a worshipper of Cheibriados the Contemplative
 24096 | Lair:3   | Reached * piety under Cheibriados
 24183 | Lair:3   | Got a fading ring mail
 24194 | Lair:3   | Identified the cursed +0 ring mail "Viokleifel" {Will+}
                  | (You found it on level 3 of the Lair of Beasts)
 24199 | Lair:3   | You pick up a book of Fire and begin reading...
 24199 | Lair:3   | You add the spells Ignite Poison, Fireball, Starburst and
                  | Ignition to your library.
 24215 | Lair:3   | Reached skill level 10 in Fighting
 24215 | Lair:3   | Reached skill level 10 in Spellcasting
 25332 | Lair:4   | Found a frozen archway.
 25345 | Lair:4   | HP: 20/103 [ice devil (7)]
 25467 | IceCv    | Entered an ice cave
 25599 | IceCv    | Reached XP level 14. HP: 106/110 MP: 8/28
 25983 | IceCv    | Reached skill level 10 in Dodging
 26123 | IceCv    | Found an ancient bone altar of Kikubaaqudgha.
 26124 | IceCv    | Reached ** piety under Cheibriados
 26527 | IceCv    | Reached skill level 9 in Short Blades
 26527 | IceCv    | Reached skill level 9 in Long Blades
 26527 | IceCv    | Reached skill level 9 in Axes
 26527 | IceCv    | Reached skill level 9 in Maces & Flails
 26527 | IceCv    | Reached skill level 9 in Polearms
 26527 | IceCv    | Reached skill level 9 in Staves
 26527 | IceCv    | Reached skill level 9 in Slings
 26527 | IceCv    | Reached skill level 9 in Bows
 26527 | IceCv    | Reached skill level 9 in Crossbows
 26527 | IceCv    | Reached skill level 9 in Throwing
 26527 | IceCv    | Reached skill level 9 in Armour
 26527 | IceCv    | Reached skill level 9 in Shields
 26527 | IceCv    | Reached skill level 9 in Unarmed Combat
 26527 | IceCv    | Reached skill level 9 in Evocations
 26659 | IceCv    | Got a polished hat
 26665 | IceCv    | Identified the +2 hat "Xetyng" {Harm rC+ MP+9} (You found
                  | it in an ice cave)
 26708 | IceCv    | You pick up a book of Ice and begin reading...
 26708 | IceCv    | You add the spells Ice Form, Ozocubu's Refrigeration,
                  | Freezing Cloud and Simulacrum to your library.
 26710 | IceCv    | You pick up a book of Ice and begin reading...
 26810 | Lair:4   | Acquired 974 gold pieces
 26812 | Lair:4   | Acquired the +7 eveningstar "Muat" {elec, rN++ Dex+4}
 26813 | Lair:4   | C - the +7 eveningstar "Muat" (weapon) {elec, rN++ Dex+4,
                  | rare}
 26886 | Lair:4   | Reached *** piety under Cheibriados
 27095 | Lair:4   | Reached skill level 10 in Stealth
 27639 | Lair:4   | Found a staircase to the Snake Pit.
 27943 | Lair:4   | magus.rc [v1.9.10]
 28059 | Lair:5   | You pick up a book of Changes and begin reading...
 28059 | Lair:5   | You add the spells Beastly Appendage, Wereblood, Spider
                  | Form and Blade Hands to your library.
 28066 | Lair:5   | Learned a level 5 spell: Fireball
 28081 | Lair:5   | Found a staircase to the Slime Pits.
 28240 | Lair:5   | Reached skill level 10 in Invocations
 28256 | Lair:5   | Reached **** piety under Cheibriados
 28289 | Lair:5   | Reached skill level 11 in Fighting
 29141 | Lair:6   | Entered Level 6 of the Lair of Beasts
 29217 | Lair:6   | HP: 17/113 [death yak (19)]
 29218 | Lair:6   | HP: 8/113 [death yak (9)]
 29229 | Lair:6   | HP: 23/113 [death yak (14)]
 29232 | Lair:6   | Reached skill level 8 in Hexes
 29232 | Lair:6   | Reached skill level 8 in Summonings
 29232 | Lair:6   | Reached skill level 8 in Necromancy
 29232 | Lair:6   | Reached skill level 8 in Translocations
 29232 | Lair:6   | Reached skill level 8 in Transmutations
 29232 | Lair:6   | Reached skill level 8 in Fire Magic
 29232 | Lair:6   | Reached skill level 8 in Ice Magic
 29232 | Lair:6   | Reached skill level 8 in Air Magic
 29232 | Lair:6   | Reached skill level 8 in Earth Magic
 29232 | Lair:6   | Reached skill level 8 in Poison Magic
 29409 | Lair:6   | Reached ***** piety under Cheibriados
 29891 | Lair:6   | Reached XP level 15. HP: 110/120 MP: 10/29
 30234 | Lair:6   | the +7 eveningstar "Muat" {elec, rN++ Dex+4, rare} stops
                  | crackling.
 30235 | Lair:6   | C - the +7 eveningstar "Muat" (weapon) {elec, rN++ Dex+4,
                  | rare}
 30244 | Lair:6   | Found the +2 hood of the Assassin {Detection Stab+ Stlth++}
 30507 | Lair:6   | Reached ****** piety under Cheibriados
 30749 | Lair:6   | Reached skill level 11 in Spellcasting
 30930 | Lair:6   | You pick up a book of Air and begin reading...
 30930 | Lair:6   | You add the spells Shock, Swiftness, Static Discharge,
                  | Airstrike and Lightning Bolt to your library.
 30960 | Lair:6   | Learned a level 4 spell: Airstrike
 31301 | Lair:6   | Reached skill level 12 in Fighting
 31905 | Orc:2    | Reached skill level 10 in Short Blades
 31905 | Orc:2    | Reached skill level 10 in Long Blades
 31905 | Orc:2    | Reached skill level 10 in Axes
 31905 | Orc:2    | Reached skill level 10 in Maces & Flails
 31905 | Orc:2    | Reached skill level 10 in Polearms
 31905 | Orc:2    | Reached skill level 10 in Staves
 31905 | Orc:2    | Reached skill level 10 in Slings
 31905 | Orc:2    | Reached skill level 10 in Bows
 31905 | Orc:2    | Reached skill level 10 in Crossbows
 31905 | Orc:2    | Reached skill level 10 in Throwing
 31905 | Orc:2    | Reached skill level 10 in Armour
 31905 | Orc:2    | Reached skill level 10 in Shields
 31905 | Orc:2    | Reached skill level 10 in Unarmed Combat
 31905 | Orc:2    | Reached skill level 10 in Evocations
 32440 | Orc:2    | Reached skill level 11 in Dodging
 32896 | Orc:2    | Reached skill level 11 in Conjurations
 32990 | Orc:2    | Found Xeac's Weapon Shop.
 33005 | Orc:2    | Found a runed translucent gate.
 33062 | Orc:2    | Found Kenurghi's General Store.
 33062 | Orc:2    | Found Yhik's Gadget Emporium.
 33064 | Orc:2    | Found Omeno's Antique Armour Shoppe.
 33066 | Orc:2    | Found Usyqaff's General Store.
 33073 | Orc:2    | Bought a crude kite shield for 285 gold pieces
 33086 | Orc:2    | Bought an uncursed amulet of reflection for 480 gold pieces
 33106 | Orc:2    | Identified the +1 kite shield "Qetyadd" {-Cast Dex+8
                  | Stlth+} (You bought it in a shop on level 2 of the Orcish
                  | Mines)
 33273 | Orc:2    | Found a runed translucent gate.
 33273 | Orc:2    | Found a runed translucent gate.
 33273 | Orc:2    | Found an iron altar of Okawaru.
 33273 | Orc:2    | Noticed MikanFever1's ghost (journeyman MiFi)
 33274 | Orc:2    | Found the +7 sceptre of Torment {pain, torment}
 33626 | Orc:2    | Reached skill level 11 in Invocations
 33630 | Orc:2    | Killed MikanFever1's ghost
 33631 | Orc:2    | Reached skill level 11 in Stealth
 33838 | Orc:2    | the +7 eveningstar "Muat" {elec, rN++ Dex+4, rare} stops
                  | crackling.
 34911 | D:14     | Got a wavering glass ring
 34913 | D:14     | Identified the ring "Ixer" {*Tele Dex+6} (You found it on
                  | level 14 of the Dungeon)
 35240 | D:14     | Reached XP level 16. HP: 94/129 MP: 4/31
 35652 | D:15     | Entered Level 15 of the Dungeon
 36027 | D:14     | Reached skill level 9 in Hexes
 36027 | D:14     | Reached skill level 9 in Summonings
 36027 | D:14     | Reached skill level 9 in Necromancy
 36027 | D:14     | Reached skill level 9 in Translocations
 36027 | D:14     | Reached skill level 9 in Transmutations
 36027 | D:14     | Reached skill level 9 in Fire Magic
 36027 | D:14     | Reached skill level 9 in Ice Magic
 36027 | D:14     | Reached skill level 9 in Air Magic
 36027 | D:14     | Reached skill level 9 in Earth Magic
 36027 | D:14     | Reached skill level 9 in Poison Magic
 36083 | D:14     | Reached skill level 13 in Fighting
 36475 | D:14     | Found a gate to the Vaults.
 36831 | D:15     | Found a staircase to the Depths.
 37846 | D:8      | Bought a scroll of acquirement for 624 gold pieces
 37846 | D:8      | Acquired the +2 pair of gloves of Narcissism {rN+ Slay+2}
 37970 | Swamp:1  | Entered Level 1 of the Swamp
 39242 | Swamp:2  | Reached skill level 11 in Short Blades
 39242 | Swamp:2  | Reached skill level 11 in Long Blades
 39242 | Swamp:2  | Reached skill level 11 in Axes
 39242 | Swamp:2  | Reached skill level 11 in Maces & Flails
 39242 | Swamp:2  | Reached skill level 11 in Polearms
 39242 | Swamp:2  | Reached skill level 11 in Staves
 39242 | Swamp:2  | Reached skill level 11 in Slings
 39242 | Swamp:2  | Reached skill level 11 in Bows
 39242 | Swamp:2  | Reached skill level 11 in Crossbows
 39242 | Swamp:2  | Reached skill level 11 in Throwing
 39242 | Swamp:2  | Reached skill level 11 in Armour
 39242 | Swamp:2  | Reached skill level 11 in Shields
 39242 | Swamp:2  | Reached skill level 11 in Unarmed Combat
 39242 | Swamp:2  | Reached skill level 11 in Evocations
 39326 | Swamp:2  | Reached skill level 12 in Spellcasting
 39649 | Swamp:2  | Reached skill level 12 in Invocations
 40531 | Swamp:3  | Reached skill level 12 in Dodging
 40540 | Swamp:3  | Reached XP level 17. HP: 111/138 MP: 6/33
 40824 | Swamp:3  | Paralysed by a fenstrider witch for 5 turns
 40828 | Swamp:3  | HP: 30/138 [??? (22)]
 40829 | Swamp:3  | Killed from afar by a fenstrider witch

Vanquished Creatures
  A stone giant (Orc:1)
  5 bunyips (Swamp:2)
  The ghost of MikanFever1 the Severer, a journeyman MiFi of Okawaru (Orc:2)
  4 eleionomae
  A fire dragon (Lair:6)
  A shambling mangrove (Swamp:3)
  13 hydras
  Fannar (D:12)
  A naga warrior (Orc:2)
  5 vault guards (D:14)
  A rakshasa (D:14)
  A ghost crab (Swamp:1)
  A death knight (D:13)
  5 centaur warriors
  3 alligators
  4 two-headed ogres
  13 death yaks
  A spriggan (Swamp:3)
  7 skeletal warriors
  3 goliath frogs
  3 unseen horrors
  A wizard (D:13)
  A spriggan druid (Swamp:3)
  A swamp dragon (Lair:6)
  4 bog bodies
  2 deep elf archers
  A wolf spider zombie (D:14)
  A phantasmal warrior (D:13)
  12 ugly things
  2 necromancers
  5 orc knights
  2 deep elf magi (D:15)
  4 orc sorcerers
  3 cyclopes
  2 manticores
  Maurice (D:10)
  Joseph (D:10)
  3 black mambas
  An ice statue (IceCv)
  Psyche (D:10)
  A torpor snail (Lair:4)
  3 naga magi (D:15)
  7 centaur skeletons
  14 cane toads
  3 rime drakes
  5 gargoyles
  5 freezing wraiths (IceCv)
  18 komodo dragons
  2 ice devils (Lair:4)
  An efreet (D:14)
  3 bloated husks
  3 tengu conjurers
  7 trolls
  3 raiju (Lair:6)
  2 hornets
  A wolf spider simulacrum (IceCv)
  14 polar bears
  10 blink frogs
  7 tyrant leeches
  7 slime creatures
  A shadow (D:15)
  3 wyverns
  3 wraiths
  2 vampires
  3 steam dragons (Lair:6)
  32 yaks
  2 vampire mosquitoes (D:12)
  4 basilisks
  A death yak simulacrum (IceCv)
  The ghost of TheGreatAnchovy the Ducker, an amateur OpFi of the Shining One (D:3)
  6 wargs (Lair:6)
  10 swamp worms
  7 nagas (Lair:4)
  An acid dragon (Lair:6)
  12 hell hounds (Lair:6)
  A soldier ant (D:12)
  A water moccasin (Lair:3)
  Duvessa (D:7)
  6 swamp drakes
  14 black bears
  23 orc warriors
  2 sky beasts
  6 ice beasts
  2 eyes of draining
  4 phantoms
  18 wolves
  7 ogres
  9 boggarts (D:14)
  18 centaurs
  4 elf zombies (Ossuary)
  A wyvern zombie (D:8)
  2 big kobolds
  21 bullfrogs
  Dowan (D:7)
  A wyvern skeleton (D:9)
  5 scorpions
  6 killer bees (D:11)
  24 wights
  5 electric eels
  7 howler monkeys
  2 vampire bats (Orc:2)
  2 bullfrog zombies
  11 centaur zombies
  2 human zombies (Ossuary)
  20 orc priests
  2 bullfrog skeletons
  4 hounds
  5 jellies
  Crazy Yiuf (D:3)
  5 iguanas
  A hell rat (D:8)
  16 orc wizards
  5 spriggan simulacra (IceCv)
  14 worker ants
  A polar bear simulacrum (IceCv)
  A wolf simulacrum (IceCv)
  4 troll simulacra (IceCv)
  A centaur simulacrum (IceCv)
  A hound skeleton (D:8)
  3 mummies (Ossuary)
  A worker ant zombie (D:11)
  4 gnolls (D:2)
  11 adders
  4 naga simulacra (IceCv)
  A river rat (D:8)
  5 ogre simulacra (IceCv)
  3 shadow imps
  14 white imps
  2 ufetubi
  An adder zombie (D:8)
  2 worms
  2 dart slugs (D:3)
  5 leopard geckos
  67 orcs
  4 giant cockroaches
  2 goblins (D:1)
  7 hobgoblins
  2 jackals (D:4)
  16 kobolds
  6 quokkas
  2 ball pythons (D:1)
  13 bats
  5 frilled lizards
  A goblin zombie (D:4)
  3 jackal skeletons (D:6)
  A quokka zombie (D:4)
  8 rats
809 creatures vanquished.

Vanquished Creatures (collateral kills)
  A naga warrior (Orc:2)
  A centaur warrior (Orc:2)
  2 skeletal warriors (D:13)
  5 freezing wraiths (IceCv)
  5 ice beasts (IceCv)
  9 orc warriors
  2 centaurs (Orc:2)
  A bullfrog (D:12)
  A wyvern zombie (D:14)
  A bullfrog skeleton (D:12)
  2 orc priests (Orc:2)
  3 orc wizards
  A naga simulacrum (IceCv)
  9 orcs
  A bat (Orc:2)
44 creatures vanquished.

Vanquished Creatures (others)
  6 fulminant prisms
  26 fungi
  69 plants
101 creatures vanquished.

Grand Total: 954 creatures vanquished

Table legend:
 A = Non-vault XP
 B = Vault XP
 C = Vault XP percentage of total XP
 D = Non-vault monster count
 E = Vault monster count
 F = Vault count percentage of total count
                 A         B        C        D         E       F
            +---------+---------+-------+---------+---------+-------
      Total |  115690 |   67300 |  36.8 |     558 |     295 |  34.6
            +---------+---------+-------+---------+---------+-------
        D:1 |      30 |       6 |  16.7 |      18 |       3 |  14.3
        D:2 |     110 |       0 |   0.0 |      16 |       0 |   0.0
        D:3 |     175 |     315 |  64.3 |      23 |       4 |  14.8
        D:4 |      51 |       2 |   3.8 |       5 |       2 |  28.6
        D:5 |    1103 |       0 |   0.0 |      24 |       0 |   0.0
        D:6 |     477 |     125 |  20.8 |      24 |       2 |   7.7
        D:7 |    1100 |     226 |  17.0 |      13 |       2 |  13.3
        D:8 |     613 |    2719 |  81.6 |      21 |       9 |  30.0
        D:9 |    2661 |       0 |   0.0 |      22 |       0 |   0.0
       D:10 |    2668 |    1366 |  33.9 |      24 |       3 |  11.1
       D:11 |    4054 |     590 |  12.7 |      49 |      17 |  25.8
       D:12 |    4989 |    1002 |  16.7 |      33 |       1 |   2.9
       D:13 |   11936 |    2743 |  18.7 |      31 |       4 |  11.4
       D:14 |   14835 |    7337 |  33.1 |      38 |      10 |  20.8
       D:15 |    5243 |    4597 |  46.7 |      17 |      10 |  37.0
     Lair:1 |    1048 |    1931 |  64.8 |       6 |       5 |  45.5
     Lair:2 |    4234 |     673 |  13.7 |      18 |       1 |   5.3
     Lair:3 |    5647 |    1585 |  21.9 |      22 |       5 |  18.5
     Lair:4 |    3585 |    1824 |  33.7 |       8 |       9 |  52.9
     Lair:5 |    6733 |    2240 |  25.0 |      15 |       7 |  31.8
     Lair:6 |    7243 |   19901 |  73.3 |      21 |      77 |  78.6
    Swamp:1 |   10347 |       0 |   0.0 |      21 |       0 |   0.0
    Swamp:2 |   13637 |       0 |   0.0 |      18 |       0 |   0.0
    Swamp:3 |    5918 |       0 |   0.0 |      10 |       0 |   0.0
      Orc:1 |    3167 |       0 |   0.0 |      12 |       0 |   0.0
      Orc:2 |    4086 |   11890 |  74.4 |      49 |      55 |  52.9
    Ossuary |       0 |     790 | 100.0 |       0 |      15 | 100.0
      IceCv |       0 |    5438 | 100.0 |       0 |      54 | 100.0
            +---------+---------+-------+---------+---------+-------

Illustrated notes

Table legend:
 A = Kills in this place as a percentage of kills in entire the game.
 B = Kills by you in this place as a percentage of kills by you in the entire game.
 C = Kills by friends in this place as a percentage of kills by friends in the entire game.
 D = Other kills in this place as a percentage of other kills in the entire game.
 E = Experience gained in this place as a percentage of experience gained in the entire game.
 F = Experience gained in this place divided by the number of levels of this place that you have seen.
                   A       B       C       D       E      F
               +-------+-------+-------+-------+-------+----------------------
         Total | 100.0 | 100.0 | 100.0 |   N/A | 100.0 | 6099.7
       Dungeon |  49.8 |  51.5 |  18.2 |   N/A |  38.8 | 4738.2
          Lair |  22.7 |  24.0 |   0.0 |   N/A |  31.0 | 9440.7
         Swamp |   5.7 |   6.1 |   0.0 |   N/A |  16.3 | 9967.3
  Orcish Mines |  13.6 |  11.2 |  56.8 |   N/A |  10.5 | 9571.5
       Ossuary |   1.8 |   1.9 |   0.0 |   N/A |   0.4 | 790.0
      Ice Cave |   6.3 |   5.3 |  25.0 |   N/A |   3.0 | 5438.0
               +-------+-------+-------+-------+-------+----------------------

Table legend: (Time is in decaauts)
 A = Elapsed time spent in this place.
 B = Non-inter-level travel time spent in this place.
 C = Inter-level travel time spent in this place.
 D = Time resting spent in this place.
 E = Time spent auto-exploring this place.
 F = Levels seen in this place.
 G = Mean time per level.
                   A        B        C        D        E       F      G
               +--------+--------+--------+--------+--------+-----+--------+
         Total |  46924 |  43819 |   3105 |    128 |  37650 |  30 | 1564.1 |
       Dungeon |  24972 |  22872 |   2100 |     14 |  19919 |  15 | 1664.8 |
        Temple |     63 |     54 |      9 |      0 |     54 |   1 |   63.0 |
          Lair |  11870 |  11163 |    707 |    109 |   9357 |   6 | 1978.3 |
         Swamp |   3707 |   3584 |    123 |      0 |   3236 |   3 | 1235.7 |
  Orcish Mines |   3691 |   3528 |    163 |      5 |   2911 |   2 | 1845.5 |
        Bazaar |    201 |    201 |      0 |      0 |    154 |   1 |  201.0 |
       Ossuary |    904 |    904 |      0 |      0 |    752 |   1 |  904.0 |
      Ice Cave |   1513 |   1513 |      0 |      0 |   1266 |   1 | 1513.0 |
               +--------+--------+--------+--------+--------+-----+--------+

Top non-repeatable levels by time:
  Lair:6: 3206 daAuts
    D:14: 2532 daAuts
   Orc:2: 2492 daAuts
    D:11: 2329 daAuts
     D:5: 2215 daAuts
    D:13: 2187 daAuts
 Swamp:1: 2085 daAuts
  Lair:2: 2034 daAuts
     D:7: 1915 daAuts
  Lair:3: 1873 daAuts
  Lair:5: 1831 daAuts
    D:15: 1741 daAuts
     D:3: 1674 daAuts
     D:8: 1669 daAuts
    D:10: 1621 daAuts
